 Dungeon Crawl Stone Soup version 0.26.1-2-gb8aa6d0cf2 (webtiles) character file.

Game seed: 10543100543587357669

42666 DearestLeader the Earth Mage (level 14, -11/78 HPs)
             Began as a Gargoyle Earth Elementalist on Feb 7, 2021.
             Was a High Priest of Vehumet.
             Mangled by Rupert
             ... wielding a +2 vampiric battleaxe
              (21 damage)
             ... on level 12 of the Dungeon on Feb 9, 2021.
             The game lasted 01:04:53 (28279 turns).

DearestLeader the Earth Mage (GrEE)                Turns: 28279, Time: 01:04:54

Health: -11/78     AC: 18    Str: 12    XL:     14   Next: 20%
Magic:  31/37      EV: 18    Int: 21    God:    Vehumet [*****.]
Gold:   921        SH:  6    Dex: 21    Spells: 18/33 levels left

rFire    . . .     SeeInvis .   L - staff of earth
rCold    + + +     Faith    .   M - +0 buckler
rNeg     + . .     Spirit   .   E - +2 robe {Will+}
rPois    ∞         Reflect  .   x - +0 helmet
rElec    +         Harm     .   B - +0 cloak {rCorr}
rCorr    +         Rampage  .   n - +0 pair of gloves
Will     ++...                  R - +0 pair of boots
Stlth    ++........             F - amulet "Nutugacu" {Acrobat Fragile rPois rC+++ Dex+5}
HPRegen  0.23/turn              j - ring of magical power
MPRegen  0.25/turn              e - +6 ring of dexterity

@: flying
A: big wings, negative energy resistance 1, electricity resistance, unbreathing,
petrification resistance, miasma immunity, AC +10
a: Stop Flying, Renounce Religion


You were on level 12 of the Dungeon.
You worshipped Vehumet.
Vehumet was extremely pleased with you.
You visited 4 branches of the dungeon, and saw 21 of its levels.
You also visited: Sewer and Ossuary.

You collected 2137 gold pieces.
You spent 1216 gold pieces at shops.

Inventory:

Missiles
 b - 349 stones
Armour
 n - a +0 pair of gloves (worn)
 x - a +0 helmet (worn)
 A - a +2 robe of positive energy
 B - a +0 cloak of preservation (worn)
 E - a +2 robe of willpower (worn)
 M - a +0 buckler (worn)
 R - a +0 pair of boots (worn)
Magical Staves
 L - an uncursed staff of earth (weapon)
Jewellery
 e - a +6 ring of dexterity (right hand)
 j - a ring of magical power (left hand)
 s - an uncursed amulet of reflection
 u - an uncursed ring of ice
 F - the amulet "Nutugacu" (around neck) {Acrobat Fragile rPois rC+++ Dex+5}
   (You bought it in a shop on level 2 of the Orcish Mines)

   [amulet of the acrobat]

   It helps you evade while moving and waiting.
   It affects your dexterity (+5).
   It renders you almost immune to cold.
   It protects you from poison.
   It will be destroyed if unequipped.
 S - an uncursed amulet of regeneration
Wands
 q - a wand of enslavement (16)
 O - a wand of polymorph (3)
 Q - a wand of random effects (21)
 U - a wand of paralysis (9)
 W - a wand of iceblast (9)
 Z - a wand of flame (26)
Scrolls
 c - a scroll of vulnerability
 d - 4 scrolls of magic mapping
 l - a scroll of immolation {unknown}
 o - 10 scrolls of amnesia
 r - 6 scrolls of enchant weapon
 t - 4 scrolls of fog
 w - 7 scrolls of teleportation
 y - a scroll of torment {unknown}
 z - 8 scrolls of remove curse
 C - 3 scrolls of enchant armour {unknown}
 H - 2 scrolls of fear {unknown}
 K - a scroll of noise {unknown}
 N - a scroll of silence {unknown}
 Y - a scroll of acquirement {unknown}
Potions
 a - 2 potions of might
 f - 4 potions of cancellation
 g - 5 potions of curing
 h - 6 potions of brilliance
 i - 2 potions of resistance
 k - 8 potions of flight
 m - 5 potions of mutation
 p - 6 potions of ambrosia
 v - 2 potions of magic
 D - 2 potions of haste {unknown}
 I - a potion of lignification {unknown}
 P - 2 potions of invisibility {unknown}
 X - a potion of heal wounds {unknown}
Miscellaneous
 T - a condenser vane


   Skills:
 - Level 5.0 Fighting
 - Level 5.0 Staves
 + Level 6.8 Dodging
 - Level 2.1 Stealth
 - Level 4.1 Shields
 - Level 10.0 Spellcasting
 * Level 11.9 Conjurations
 - Level 2.0 Transmutations
 + Level 17.3 Earth Magic


You had 18 spell levels left.
You knew the following spells:

 Your Spells              Type           Power        Failure   Level
a - Sandblast             Erth           100%         0%          1
b - Passwall              Tmut/Erth      55%          1%          2
c - Stone Arrow           Conj/Erth      100%         1%          3
d - Lee's Rapid Deconstr  Erth           45%          1%          5
e - Petrify               Tmut/Erth      67%          1%          4

Your spell library contained the following spells:

 Spells                   Type           Power        Failure   Level
 Conjure Ball Lightning   Conj/Air       17%          22%         6
 Magic Dart               Conj           100%         1%          1
 Searing Ray              Conj           100%         1%          2
 Dazzling Flash           Conj/Hex       70%          1%          3
 Fulminant Prism          Conj/Hex       17%          1%          4
 Iskenderun's Mystic Bla  Conj/Tloc      35%          1%          4
 Irradiate                Conj/Tmut      19%          3%          5
 Ignite Poison            Fire/Tmut/Pois 13%          4%          3
 Confusing Touch          Hex            10%          19%         3
 Gell's Gravitas          Tloc           5%           19%         3
 Yara's Violent Unravell  Hex/Tmut       7%           28%         5
 Alistair's Intoxication  Tmut/Pois      9%           75%         5
 Eringya's Noxious Bog    Tmut/Pois      7%           82%         6
 Metabolic Englaciation   Hex/Ice        5%           87%         5
 Sublimation of Blood     Necr           Unusable     N/A         2

Dungeon Overview and Level Annotations

Branches:
Dungeon (12/15)            Temple (1/1) D:7            Lair (6/6) D:8
  Swamp (0/4) Lair:3        Snake (0/4) Lair:2        Slime (0/5) Lair:5
    Orc (2/2) D:10            Elf (0/3) Orc:2         Sewer (visited)
Ossuary (visited)

Altars:
Cheibriados
Dithmenos
Elyvilon
Gozag
Hepliaklqana
Nemelex Xobeh
Okawaru
Qazlal
Ru
Sif Muna
Uskayaw
Vehumet
Zin
Beogh
Jiyva

Shops:
D:5 *   D:6 ?   Orc:2 =[[[([[(

Annotations:
D:11 2 transporters, 3 runed translucent doors, ciphuk's ghost, journeyman VSGl
D:12 Rupert
Lair:6 2 runed translucent doors
Orc:1 Saint Roka


Innate Abilities, Weirdness & Mutations

You are resistant to torment.
Your stone body is resilient. (AC +10)
You are immune to poison.
Your large and strong wings let you fly indefinitely.
You resist negative energy. (rN+)
You are resistant to electric shocks. (rElec)
You can survive without breathing.
You are immune to petrification.
You are immune to miasma.


Message History

Aim: Rupert, wielding a +2 vampiric battleaxe and wearing a +0 leather armour (lightly wounded, berserk, 22% to evade)
You feel a surge of power!
The stone arrow hits Rupert!
Rupert is lightly wounded.
Rupert hits you with a +2 vampiric battleaxe!
Casting: Stone Arrow (safe; 1% risk of failure)
Confirm with . or Enter, or press ? or * to list all spells.
Aiming: Stone Arrow (safe; 1% risk of failure)
Press: ? - help, Shift-Dir - straight line, f/p - Rupert
Aim: Rupert, wielding a +2 vampiric battleaxe and wearing a +0 leather armour (lightly wounded, berserk, 22% to evade)
You feel a surge of power!
The stone arrow hits Rupert!!
Rupert is moderately wounded.
Your surroundings seem slightly different.
Rupert hits you with a +2 vampiric battleaxe!!!
* * * LOW HITPOINT WARNING * * *
Okay, then.
You feel better.
Rupert hits you with a +2 vampiric battleaxe!
* * * LOW HITPOINT WARNING * * *
Rupert hits you with a +2 vampiric battleaxe!!
You die...

#....##8.8##.......##....
#.####.....######......##
#.###8.....8## ##......#
#.##.........#####.#...##
#.#8.........8#..........
#.'...........'.#####.###
###8.........8### #.#
##....@....## #+#
##8..@..8## ##.....##
##8.8## ##'## . ... .
#.#.. . #. .#. . #. ....
## .# ##


You could see Rupert (berserk).

Vanquished Creatures
  5 hydras
  A two-headed ogre (D:12)
  3 orc high priests (Orc:2)
  Sonja (Lair:6)
  Pikel (D:7)
  An unseen horror (D:9)
  2 orc knights (Orc:2)
  2 lindwurms
  A cyclops (Orc:2)
  3 orc sorcerers
  A manticore (D:12)
  2 molten gargoyles (Lair:6)
  4 black mambas
  Joseph (D:7)
  A centaur skeleton (D:10)
  7 cane toads
  2 rime drakes
  5 komodo dragons
  5 trolls
  3 tyrant leeches
  Prince Ribbit (D:7)
  2 shadows (D:11)
  55 yaks
  7 basilisks
  4 wyverns
  2 steam dragons (Lair:6)
  2 wargs
  A naga (Lair:2)
  4 swamp worms (Lair:2)
  8 water moccasins
  4 hell hounds (Lair:6)
  Purgy (Sewer)
  22 orc warriors
  3 ice beasts
  3 sky beasts
  5 phantoms
  12 ogres
  7 wolves
  3 black bears
  3 centaurs
  4 lemures (D:7)
  8 big kobolds
  12 bullfrogs
  A water moccasin zombie (D:7)
  A wyvern skeleton (D:11)
  3 gnoll sergeants (D:10)
  15 scorpions
  A water moccasin skeleton (D:10)
  5 spriggan skeletons (D:9)
  5 killer bees
  A troll skeleton (D:9)
  8 wights
  A howler monkey (D:10)
  An electric eel (Lair:3)
  5 lava snakes (Lair:6)
  3 bullfrog zombies
  7 hounds
  A quasit (D:10)
  A centaur zombie (Ossuary)
  A bullfrog skeleton (D:5)
  2 human zombies (Ossuary)
  25 orc priests
  2 jellies
  27 orc wizards
  Ijyb (D:3)
  Natasha (thrice) (D:4)
  Terence (D:3)
  2 iguanas
  7 worker ants
  5 hell rats (Lair:5)
  A big kobold zombie (Ossuary)
  A killer bee zombie (D:10)
  3 mummies (Ossuary)
  A hound zombie (D:9)
  Robin (D:4)
  11 adders
  4 gnolls
  A scorpion zombie (Ossuary)
  3 shadow imps
  4 white imps
  5 ufetubi
  2 adder skeletons
  2 dart slugs
  6 leopard geckos
  94 orcs
  6 bats
  6 giant cockroaches
  3 gnoll zombies (Ossuary)
  10 goblins
  8 hobgoblins
  14 jackals
  4 quokkas
  2 ball pythons
  11 frilled lizards
  3 goblin zombies (Ossuary)
  A hobgoblin zombie (Ossuary)
  8 kobolds
  2 kobold zombies (Ossuary)
  2 orc zombies (Ossuary)
  8 rats
586 creatures vanquished.

Vanquished Creatures (others)
  An orc (Orc:2)
  An orc zombie (Ossuary)
  21 fungi
  31 plants
54 creatures vanquished.

Grand Total: 640 creatures vanquished

Notes
Turn   | Place    | Note
-------+----------+-------------------------------------------
     0 | D:1      | DearestLeader the Gargoyle Earth Elementalist began the
                  | quest for the Orb.
     0 | D:1      | Reached XP level 1. HP: 10/10 MP: 3/3
   262 | D:1      | Reached skill level 4 in Earth Magic
   490 | D:1      | Reached XP level 2. HP: 15/15 MP: 3/5
  1352 | D:2      | Reached XP level 3. HP: 6/19 MP: 4/6
  1354 | D:2      | Reached skill level 5 in Earth Magic
  1359 | D:2      | Learned a level 2 spell: Passwall
  1363 | D:2      | Learned a level 3 spell: Stone Arrow
  1604 | D:2      | Reached XP level 4. HP: 20/24 MP: 1/7
  1881 | D:2      | Reached skill level 6 in Earth Magic
  2841 | D:3      | Noticed Ijyb
  2896 | D:3      | Killed Ijyb
  2897 | D:3      | Reached XP level 5. HP: 26/28 MP: 3/8
  3404 | D:3      | Found a faded altar of an unknown god.
  3585 | D:3      | Noticed Terence
  3589 | D:3      | Killed Terence
  3590 | D:3      | Reached skill level 1 in Fighting
  3590 | D:3      | Reached skill level 7 in Earth Magic
  3605 | D:3      | Found a hide-covered altar of Uskayaw.
  3795 | D:3      | Found a white marble altar of Elyvilon.
  3795 | D:3      | Found a hazy altar of Hepliaklqana.
  4108 | D:4      | Reached XP level 6. HP: 17/35 MP: 9/9
  4170 | D:4      | Found a glowing drain.
  4175 | Sewer    | Entered a sewer
  4299 | Sewer    | Noticed Purgy
  4304 | Sewer    | Killed Purgy
  4305 | Sewer    | Reached skill level 8 in Earth Magic
  4859 | D:4      | Reached XP level 7. HP: 35/40 MP: 10/10
  4923 | D:4      | Noticed Robin
  4944 | D:4      | Killed Robin
  5065 | D:4      | Noticed Natasha
  5071 | D:4      | Killed Natasha
  5072 | D:4      | Reached skill level 9 in Earth Magic
  5334 | D:4      | Noticed Natasha
  5335 | D:4      | Killed Natasha
  5344 | D:4      | Noticed Natasha
  5356 | D:4      | Killed Natasha
  5406 | D:5      | Entered Level 5 of the Dungeon
  5418 | D:4      | Learned a level 5 spell: Lee's Rapid Deconstruction
  5556 | D:5      | Reached XP level 8. HP: 42/45 MP: 13/13
  5577 | D:5      | Reached skill level 10 in Earth Magic
  5939 | D:5      | Found a white marble altar of Elyvilon.
  6115 | D:5      | Found Zin's Purification Station.
  6120 | D:5      | Found a glowing silver altar of Zin.
  6520 | D:5      | Found a sacrificial altar of Ru.
  6529 | D:5      | Found a sparkling altar of Nemelex Xobeh.
  6842 | D:5      | Reached skill level 11 in Earth Magic
  6951 | D:5      | Upgraded the game from 0.26.1 to 0.26.1-2-gb8aa6d0cf2
  7042 | D:6      | Found Jythub's Magic Scroll Shoppe.
  7054 | D:6      | Found a sand-covered staircase.
  7063 | Ossuary  | Entered an ossuary
  7120 | Ossuary  | Reached XP level 9. HP: 46/52 MP: 16/16
  7465 | Ossuary  | Reached skill level 5 in Spellcasting
  8863 | D:6      | Reached skill level 12 in Earth Magic
  9087 | D:7      | Reached skill level 5 in Fighting
  9201 | D:7      | Got an iridescent dagger
  9201 | D:7      | Identified the cursed +1 dagger of Instant Death {pain,
                  | Int+4} (You found it on level 7 of the Dungeon)
  9442 | D:7      | Found a staircase to the Ecumenical Temple.
  9448 | D:7      | Reached skill level 1 in Conjurations
  9640 | D:7      | Noticed Joseph
  9647 | D:7      | Noticed Pikel
  9671 | D:7      | Killed Joseph
  9672 | D:7      | Killed Pikel
  9673 | D:7      | Reached skill level 13 in Earth Magic
  9673 | D:7      | Reached XP level 10. HP: 17/59 MP: 19/19
  9689 | Temple   | Entered the Ecumenical Temple
  9704 | Temple   | Became a worshipper of Vehumet
 10091 | D:7      | Noticed Prince Ribbit
 10105 | D:7      | Killed Prince Ribbit
 10927 | D:7      | Learned a level 4 spell: Petrify
 11380 | D:8      | Found a staircase to the Lair.
 11606 | D:8      | Reached * piety under Vehumet
 11606 | D:8      | Offered knowledge of Magic Dart by Vehumet.
 11900 | D:9      | Reached skill level 14 in Earth Magic
 12458 | D:9      | Reached skill level 5 in Conjurations
 12844 | D:9      | Reached XP level 11. HP: 51/63 MP: 14/21
 12953 | D:9      | Killed an unseen horror
 13387 | D:10     | Entered Level 10 of the Dungeon
 13491 | D:10     | Found a staircase to the Orcish Mines.
 13865 | D:10     | Offered knowledge of Shock by Vehumet.
 13924 | D:10     | Reached ** piety under Vehumet
 14060 | D:10     | Reached skill level 15 in Earth Magic
 14157 | D:10     | Reached skill level 1 in Shields
 14656 | D:10     | Offered knowledge of Inner Flame by Vehumet.
 14860 | D:10     | Reached skill level 1 in Transmutations
 15113 | Lair:1   | Entered Level 1 of the Lair of Beasts
 15651 | Lair:1   | Reached *** piety under Vehumet
 16454 | Lair:2   | Found a staircase to the Snake Pit.
 16511 | Lair:2   | Reached XP level 12. HP: 68/68 MP: 24/24
 17466 | Lair:3   | Noticed an eight-headed hydra
 17529 | Lair:3   | Killed an eight-headed hydra
 17530 | Lair:3   | Reached skill level 16 in Earth Magic
 17847 | Lair:3   | Found a staircase to the Swamp.
 18070 | Lair:3   | Offered knowledge of Sticky Flame by Vehumet.
 18718 | Lair:4   | Noticed an eight-headed hydra
 18724 | Lair:4   | Killed an eight-headed hydra
 19075 | Lair:4   | Reached skill level 1 in Staves
 19208 | Lair:4   | Reached skill level 5 in Dodging
 19337 | Lair:4   | Reached **** piety under Vehumet
 19562 | Lair:4   | Noticed a seven-headed hydra
 19567 | Lair:4   | Killed a seven-headed hydra
 19568 | Lair:4   | Reached XP level 13. HP: 72/72 MP: 26/26
 19699 | Lair:4   | Offered knowledge of Airstrike by Vehumet.
 20510 | Lair:5   | Found a staircase to the Slime Pits.
 20654 | Lair:5   | Found a viscous altar of Jiyva.
 20772 | Lair:6   | Entered Level 6 of the Lair of Beasts
 20803 | Lair:6   | Noticed Sonja
 20807 | Lair:6   | Killed Sonja
 21124 | Lair:6   | Reached skill level 10 in Conjurations
 22098 | Lair:6   | Noticed a fire dragon
 22099 | Lair:6   | Found a large runed translucent door.
 22306 | Lair:6   | Found a large runed translucent door.
 22914 | Orc:1    | Entered Level 1 of the Orcish Mines
 23387 | Orc:2    | Entered Level 2 of the Orcish Mines
 23387 | Orc:2    | Found Cegyil's Jewellery Emporium.
 23442 | Orc:2    | Found a roughly hewn altar of Beogh.
 23522 | Orc:2    | Found Laraodo's Armour Shop.
 23796 | Orc:2    | Reached skill level 17 in Earth Magic
 23895 | Orc:2    | Reached ***** piety under Vehumet
 23913 | Orc:2    | Offered knowledge of Conjure Ball Lightning by Vehumet.
 23932 | Orc:2    | Noticed Saint Roka
 24632 | Orc:2    | Found a staircase to the Elven Halls.
 24632 | Orc:2    | Found Uqured's Antique Armour Shoppe.
 24671 | Orc:2    | Found Taupt's Armour Shop.
 25010 | Orc:2    | Found Odiesiy's Antique Armour Boutique.
 25011 | Orc:2    | Found a roughly hewn altar of Beogh.
 25012 | Orc:2    | Found Kyar's Antique Weapon Shop.
 25190 | Orc:2    | Gained mutation: Your large and strong wings let you fly
                  | indefinitely. [Gargoyle growth]
 25190 | Orc:2    | Reached XP level 14. HP: 76/78 MP: 16/27
 25360 | Orc:2    | Found a roughly hewn altar of Beogh.
 25362 | Orc:2    | Found Dumiom's Antique Armour Boutique.
 25777 | Orc:2    | Found a roughly hewn altar of Beogh.
 25905 | Orc:2    | Found a roughly hewn altar of Beogh.
 25975 | Orc:2    | Reached skill level 5 in Staves
 26011 | Orc:2    | Found a roughly hewn altar of Beogh.
 26016 | Orc:2    | Found Orruenynn's Weapon Emporium.
 26104 | Orc:2    | Bought the amulet "Nutugacu" {Acrobat Fragile rPois rC+++
                  | Dex+5} for 1216 gold pieces
 26454 | D:11     | Found a transporter.
 26597 | D:11     | Reached skill level 10 in Spellcasting
 26878 | D:11     | Found a runed translucent gate.
 26879 | D:11     | Found a runed translucent gate.
 26880 | D:11     | Found a runed translucent gate.
 26881 | D:11     | Noticed ciphuk's ghost (journeyman VSGl)
 27408 | D:11     | Found a roughly hewn altar of Beogh.
 27408 | D:11     | Found a transporter.
 28267 | D:12     | Noticed Rupert
 28279 | D:12     | Mangled by Rupert

Illustrated notes

Levels and vault maps discovered:
D:1:      sevenhm_arrival_forest_fort_small_3, layout_loops_ring, serial_forest,
          infiniplex_forest_clump_diagonal, infiniplex_forest_lined_room_2,
          infiniplex_forest_clump_curved, infiniplex_forest_lined_corner,
          infiniplex_forest_straight_4, infiniplex_forest_clump_small,
          minmay_tiny_reverse_x
D:2:      layout_basic, grunt_ministairs_6, minmay_bisected
D:3:      layout_loops_cross, eat_drink_and_be_merry_uskayaw,
          gammafunk_temple_overflow_elements, chequers_ecumenical_altar_grove,
          st_stairs_5, uniq_ijyb, uniq_terence
D:4:      cheibrodos_quashed, layout_rooms, portal_sewer_entry_e, uniq_robin,
          uniq_natasha
D:5:      layout_loops_cross, zin_purify, nicolae_overflow_hidden_temple,
          elyvilon_altar_5
D:6:      layout_basic, serial_shops, shop_statue, chequers_ossuary_entry_cave
D:7:      layout_cave_pods, minmay_temple_entry_arrows, grunt_ministairs_7,
          uniq_prince_ribbit1, uniq_pikel, uniq_joseph
D:8:      layout_rooms, david_lair_generic
D:9:      layout_stronghold, hangedman_tell_no_tales
D:10:     layout_loops_cross, kennysheep_orc_monster_closet_entryway
D:11:     gammafunk_beogh_shrine, layout_stronghold, gammafunk_ghost_hydra_chop
D:12:     minmay_containers, layout_loops_corners, dk_noncrumbling_4,
          uniq_rupert, uniq_urug, uniq_psyche, uniq_nessos, uniq_frances
Temple:   nicolae_temple_elliptical
Lair:1:   layout_chaotic_city, chequers_serial_rivers_large_a,
          hibernation_bobbens, lemuel_fruit_tree
Lair:2:   layout_roguey, guppyfry_snake_entry_garden, minivault_11, st_stairs_7,
          worms_lemuel
Lair:3:   layout_loops_ring, minmay_swamp_entry_worms,
          chequers_serial_rivers_micro_a, grunt_megastairs_3,
          serial_bayou_shore_a
Lair:4:   layout_roguey
Lair:5:   layout_regular_city, slime_altar_1
Lair:6:   cheibrodos_lair_end_hotspot, layout_big_grid, uniq_sonja
Orc:1:    layout_caves
Orc:2:    grunt_orc_community_town_hall, layout_caves,
          grunt_orc_community_big_house_1, grunt_orc_community_big_house_2,
          grunt_orc_community_house_2, grunt_orc_community_house_3,
          grunt_orc_community_house_3, grunt_orc_community_house_2,
          grunt_orc_community_house_1, serial_shops, shop,
          nicolae_shop_waterfront, nicolae_shop_crystal, shop,
          guppyfry_library_mini

Skill      XL: |  1  2  3  4  5  6  7  8  9 10 11 12 13 14 |
---------------+-------------------------------------------+-----
Earth Magic    | 4 5 6 7 8 9 11 13 14 15 16 17 | 17.3
Fighting       | 1 2 4 5 |  5.0
Spellcasting   | 3 4 6 7 8 9 10 | 10.0
Dodging        | 2 3 4 5 6 |  6.8
Conjurations   | 3 5 7 9 11 | 11.9
Shields        | 3 4 |  4.1
Transmutations | 2 |  2.0
Staves         | 2 4 5 |  5.0
Stealth        | |  2.1

Action                   |  1- 3 |  4- 6 |  7- 9 | 10-12 | 13-15 || total
-------------------------+-------+-------+-------+-------+-------++-------
Melee: Unarmed           |    62 |     4 |       |       |       ||    66
       Dagger            |    11 |   131 |       |       |       ||   142
       Short sword       |       |    61 |   135 |    30 |       ||   226
       Staff             |       |       |       |   207 |   249 ||   456
 Cast: Sandblast         |    25 |    43 |    88 |    46 |    23 ||   225
       Stone Arrow       |       |       |    59 |   241 |   201 ||   501
       Lee's Rapid Decon |       |       |    10 |    38 |    39 ||    87
 Abil: Fly               |       |       |       |       |     1 ||     1
  Use: Scroll            |       |    11 |     7 |     4 |     9 ||    31
       Potion            |       |       |     4 |       |     2 ||     6
 Stab: Sleeping          |       |     4 |     1 |     2 |     2 ||     9
Armor: Robe              |    50 |    83 |    66 |   130 |    76 ||   405
Dodge: Dodged            |    88 |   157 |   122 |   204 |   148 ||   719
Block: Other             |       |     9 |    57 |    68 |       ||   134
       Reflection        |       |       |     6 |     2 |     2 ||    10
       Buckler           |       |       |       |    24 |   140 ||   164
